[Event "52nd Iran-ch Men Final 2019"]
[Site "Bushehr"]
[Date "2019.01.24"]
[Round "1.2"]
[White "Daghli, Arash"]
[Black "Gholami Orimi, Mahdi"]
[Result "1/2-1/2"]
[ECO "D37"]
[WhiteElo "2366"]
[BlackElo "2377"]
[Annotator "NA"]
[PlyCount "54"]
[EventDate "2019.01.24"]
[EventType "tourn"]
[EventCountry "IRI"]
[SourceTitle "playchess.com"]
[Source "ChessBase"]
[SourceQuality "1"]
[TimeControl "40/5400+30:1800+30"]

1. Nf3 Nf6 2. c4 e6 3. Nc3 d5 4. d4 a6 5. cxd5 exd5 6. Bg5 c6 7. e3 Be6 8. Bd3 Nbd7 9. Qc2 Bd6 10. O-O Qc7 11. e4 dxe4 12. Nxe4 Nxe4 13. Bxe4 h6 14. Bh4 O-O 15. Rfe1 Rfe8 16. a3 Nb6 17. Ne5 Bd5 18. Bg3 Bxe4 19. Rxe4 Re7 20. Rae1 Rae8 21. Nf3 Nd5 22. Rxe7 Rxe7 23. Rxe7 Qxe7 24. Qf5 Bxg3 25. hxg3 Qe8 26. Ne5 Nc7 27. Nd3 Ne6 1/2-1/2

[Event "52nd Iran-ch Men Final 2019"]
[Site "Bushehr"]
[Date "2019.01.26"]
[Round "3"]
[White "Mosadeghpour, Masoud"]
[Black "Gholami Orimi, Mahdi"]
[Result "1-0"]
[ECO "C50"]
[WhiteElo "2517"]
[BlackElo "2377"]
[Annotator "ChessBase"]
[PlyCount "113"]
[EventDate "2019.01.24"]
[EventType "tourn"]
[EventCountry "IRI"]
[SourceTitle "playchess.com"]
[Source "ChessBase"]
[SourceQuality "1"]
[TimeControl "40/5400+30:1800+30"]

1. e4 e5 2. Nf3 Nc6 3. Bc4 Bc5 4. O-O Nf6 5. d3 d6 6. c3 a6 7. a4 h6 8. Re1 Ba7 9. b4 O-O 10. Nbd2 Ne7 11. h3 Ng6 12. d4 Re8 13. b5 exd4 14. cxd4 d5 15. exd5 Rxe1+ 16. Qxe1 Nxd5 17. Ne4 axb5 18. axb5 Be6 19. Qa5 Nf8 20. Nc5 b6 21. Nxe6 bxa5 22. Nxd8 Rxd8 23. Rxa5 Bxd4 24. Nxd4 Nb6 25. Bxf7+ Kxf7 26. Be3 Nd5 27. Ra3 Rb8 28. Rb3 Ra8 29. Nc6 Ne6 30. Rd3 Ra1+ 31. Kh2 Nxe3 32. Rxe3 Rb1 33. h4 Rb2 34. Kg3 Rb1 35. Rf3+ Kg6 36. Re3 Kf7 37. Kg4 Rb2 38. Rf3+ Kg8 39. Kf5 Nf8 40. Ne7+ Kh7 41. Kg4 Ne6 42. Rf5 Nd4 43. Rf4 Ne6 44. Re4 Nf8 45. Nd5 Rxf2 46. g3 Rf7 47. Rf4 Rd7 48. Nxc7 Ng6 49. Ne6 h5+ 50. Kg5 Rd3 51. Rf7 Rxg3+ 52. Kxh5 Ne5 53. Ng5+ Kg8 54. Re7 g6+ 55. Kh6 Ng4+ 56. Kxg6 Kf8 57. Re4 1-0

[Event "52nd Iran-ch Men Final 2019"]
[Site "Bushehr"]
[Date "2019.01.26"]
[Round "3"]
[White "Darini, Pouria"]
[Black "Gholami, Aryan"]
[Result "1/2-1/2"]
[ECO "B10"]
[WhiteElo "2475"]
[BlackElo "2488"]
[Annotator "ChessBase"]
[PlyCount "29"]
[EventDate "2019.01.24"]
[EventType "tourn"]
[EventCountry "IRI"]
[SourceTitle "playchess.com"]
[Source "ChessBase"]
[SourceQuality "1"]
[TimeControl "40/5400+30:1800+30"]

1. e4 c6 2. Nc3 d5 3. Nf3 dxe4 4. Nxe4 Nf6 5. Qe2 Nxe4 6. Qxe4 Qd5 7. Qh4 Qe6+ 8. Be2 Qg6 9. O-O Qxc2 10. Bc4 Qf5 11. d4 Nd7 12. Re1 Nb6 13. Bb3 Nd5 14. Ne5 f6 15. Nc4 1/2-1/2

[Event "52nd Iran-ch Men Final 2019"]
[Site "Bushehr"]
[Date "2019.01.26"]
[Round "3"]
[White "Khodashenas, Mersad"]
[Black "Moradi, Amirmasoud"]
[Result "1-0"]
[ECO "C96"]
[WhiteElo "2455"]
[BlackElo "2321"]
[Annotator "ChessBase"]
[PlyCount "129"]
[EventDate "2019.01.24"]
[EventType "tourn"]
[EventCountry "IRI"]
[SourceTitle "playchess.com"]
[Source "ChessBase"]
[SourceQuality "1"]
[TimeControl "40/5400+30:1800+30"]

1. e4 e5 2. Nf3 Nc6 3. Bb5 a6 4. Ba4 Nf6 5. O-O Be7 6. Re1 b5 7. Bb3 O-O 8. c3 d6 9. h3 Na5 10. Bc2 c5 11. d4 Nd7 12. Nbd2 exd4 13. cxd4 Nc6 14. d5 Nce5 15. Nxe5 Nxe5 16. a4 Rb8 17. axb5 axb5 18. f4 Ng6 19. Rf1 f5 20. exf5 Bxf5 21. Bxf5 Rxf5 22. Ne4 Ra8 23. g4 Rxa1 24. gxf5 Nh4 25. f6 Bxf6 26. Qg4 Qe7 27. Re1 Rxc1 28. Nxf6+ Qxf6 29. Qc8+ Qf8 30. Qxf8+ Kxf8 31. Rxc1 b4 32. Kf2 Kf7 33. Re1 g6 34. Ra1 Nf5 35. Ra7+ Kg8 36. Ke2 h5 37. Kd3 Kf8 38. Ra1 Kf7 39. Re1 Kf6 40. Re6+ Kg7 41. Kc4 Kf7 42. Re4 Kf6 43. Re8 Kf7 44. Re6 Kg7 45. Re1 Kf7 46. Kb5 Ne7 47. Rd1 Ke8 48. Rg1 Kf7 49. Rg5 Kf6 50. Kb6 c4 51. Kc7 Nf5 52. Rg1 c3 53. bxc3 bxc3 54. Rc1 g5 55. fxg5+ Kxg5 56. Rxc3 Kf4 57. Kd7 Ke5 58. Rd3 Ke4 59. Rd1 Ke5 60. Rd2 h4 61. Rd1 Nh6 62. Kc6 Nf5 63. Re1+ Kd4 64. Rf1 Ne3 65. Rf4+ 1-0

[Event "52nd Iran-ch Men Final 2019"]
[Site "Bushehr"]
[Date "2019.01.26"]
[Round "3"]
[White "Daghli, Arash"]
[Black "Tahbaz, Arash"]
[Result "1-0"]
[ECO "B06"]
[WhiteElo "2366"]
[BlackElo "2468"]
[Annotator "ChessBase"]
[PlyCount "55"]
[EventDate "2019.01.24"]
[EventType "tourn"]
[EventCountry "IRI"]
[SourceTitle "playchess.com"]
[Source "ChessBase"]
[SourceQuality "1"]
[TimeControl "40/5400+30:1800+30"]

1. e4 g6 2. d4 Bg7 3. Nc3 c6 4. Nf3 b5 5. e5 d5 6. Bd3 Nh6 7. Bf4 f6 8. O-O O-O 9. h3 Bf5 10. Bxh6 Bxh6 11. Bxf5 gxf5 12. e6 Bg5 13. Qd3 f4 14. a4 b4 15. Ne2 Qd6 16. Qf5 Na6 17. Rfe1 Kh8 18. h4 Bh6 19. Qh5 Kg7 20. g4 Rg8 21. g5 fxg5 22. hxg5 Bxg5 23. Nxg5 Kf6 24. Kf1 Rg6 25. Nf3 Rf8 26. Qe5+ Qxe5 27. Nxe5 f3 28. Ng3 1-0

[Event "52nd Iran-ch Men Final 2019"]
[Site "Bushehr"]
[Date "2019.01.29"]
[Round "6"]
[White "Gholami, Aryan"]
[Black "Moradi, Amirmasoud"]
[Result "1-0"]
[ECO "A05"]
[WhiteElo "2488"]
[BlackElo "2321"]
[Annotator "RC"]
[PlyCount "117"]
[EventDate "2019.01.24"]
[EventType "tourn"]
[EventCountry "IRI"]
[SourceTitle "playchess.com"]
[Source "ChessBase"]
[SourceQuality "1"]
[TimeControl "40/5400+30:1800+30"]

1. Nf3 Nf6 2. d4 e6 3. Bf4 c5 4. e3 Nc6 5. Nbd2 Be7 6. c3 Nh5 7. Bg3 b6 8. Ne5 Nxg3 9. Nxc6 dxc6 10. hxg3 cxd4 11. exd4 Qc7 12. Bd3 Bb7 13. Qf3 h6 14. Qg4 Bf8 15. a4 a6 16. a5 b5 17. b4 g6 18. Ne4 O-O-O 19. Nc5 Bxc5 20. bxc5 h5 21. Qh4 e5 22. O-O exd4 23. cxd4 Rd7 24. Rfd1 Qd8 25. Qf4 h4 26. Be4 hxg3 27. fxg3 f5 28. Bf3 g5 29. Qxf5 Kb8 30. Rac1 Ka7 31. d5 Bc8 32. Qe5 Re8 33. Qc3 g4 34. dxc6 Rxd1+ 35. Rxd1 Qe7 36. Bd5 Qh7 37. Rf1 Re7 38. c7 Qg7 39. Qd2 Qe5 40. c6 Rxc7 41. Re1 Qf6 42. Qe3+ Ka8 43. Qc5 Qd8 44. Re5 Qh8 45. Qd6 Qh7 46. Be4 Qf7 47. Kh2 Kb8 48. Qc5 Ka8 49. Qb6 Qf8 50. Rh5 Qe8 51. Rh6 Qf8 52. Rh4 Qd8 53. Qc5 Qe7 54. Qd4 Qg7 55. Qb6 Qe5 56. Rh6 b4 57. Qxb4 Qb5 58. Qc3 Qa4 59. Qe5 1-0

[Event "52nd Iran-ch Men Final 2019"]
[Site "Bushehr"]
[Date "2019.01.30"]
[Round "7"]
[White "Moradi, Amirmasoud"]
[Black "Gholami Orimi, Mahdi"]
[Result "0-1"]
[ECO "C77"]
[WhiteElo "2321"]
[BlackElo "2377"]
[Annotator "NA"]
[PlyCount "90"]
[EventDate "2019.01.24"]
[EventType "tourn"]
[EventCountry "IRI"]
[SourceTitle "playchess.com"]
[Source "ChessBase"]
[SourceQuality "1"]
[TimeControl "40/5400+30:1800+30"]

1. e4 e5 2. Nf3 Nc6 3. Bb5 a6 4. Ba4 Nf6 5. d4 exd4 6. O-O Be7 7. Re1 b5 8. Bb3 d6 9. c3 dxc3 10. Nxc3 O-O 11. h3 Bb7 12. Bf4 Na5 13. Bc2 Nc4 14. b3 Nb6 $15 15. a4 b4 16. Nb1 a5 17. Nd4 Re8 18. Nf5 Bf8 19. Nd2 Nbd7 20. g4 Nc5 21. Qf3 Ne6 22. Rad1 Qc8 23. Nc4 Nc5 24. Ng3 d5 25. exd5 Rxe1+ 26. Rxe1 Bxd5 27. Qd1 Bxc4 28. bxc4 Rb8 29. g5 Ne8 30. Nf5 b3 31. Bb1 Ne6 32. Nh6+ gxh6 33. Qd3 Bg7 34. Qxh7+ Kf8 35. gxh6 Bc3 36. Qd3 Bf6 37. Be5 Qd8 38. Qf5 Qd2 39. Re3 Bxe5 40. h7 Bg7 41. Rxe6 Qd1+ 42. Kg2 Nd6 43. Qf4 Qxb1 44. c5 Nf5 45. Re5 Bxe5 0-1

[Event "52nd Iran-ch Men Final 2019"]
[Site "Bushehr"]
[Date "2019.02.01"]
[Round "9"]
[White "Moradi, Amirmasoud"]
[Black "Daghli, Arash"]
[Result "1/2-1/2"]
[ECO "E73"]
[WhiteElo "2321"]
[BlackElo "2366"]
[Annotator "NA"]
[PlyCount "105"]
[EventDate "2019.01.24"]
[EventType "tourn"]
[EventCountry "IRI"]
[SourceTitle "playchess.com"]
[Source "ChessBase"]
[SourceQuality "1"]
[TimeControl "40/5400+30:1800+30"]

1. d4 Nf6 2. c4 g6 3. Nc3 Bg7 4. e4 d6 5. Be2 O-O 6. Be3 e5 7. d5 Na6 8. g4 Nc5 9. f3 $1 h5 $146 ({Predecessor:} 9... a5 10. Qd2 h5 11. g5 Nh7 {½-½ (36) Chabanon,J (2458)-Degraeve,J (2586) Agen 2016}) 10. g5 Nh7 11. h4 a5 12. Qd2 {[%emt 0:01:53] LiveBook: 18 Games} f6 13. Nh3 a4 {[%emt 0:02:49] E73: King's Indian: Averbakh Variation without 6...c5} ({Predecessor:} 13... Bxh3 14. Rxh3 fxg5 15. hxg5 a4 {½-½ (36) Chabanon,J (2458)-Degraeve,J (2586) Agen 2016}) 14. O-O-O Bxh3 15. Rxh3 fxg5 16. hxg5 Rf4 17. Rg3 ({Predecessor:} 17. Rg1 Qe7 18. Kb1 Raf8 19. Bd1 a3 20. b4 Na6 21. b5 {½-½ (36) Chabanon,J (2458)-Degraeve,J (2586) Agen 2016}) 17... Qf8 18. Nb5 Qf7 19. Rgg1 ({Resist} 19. Bxf4 $6 exf4 20. Rgg1 a3 $11) 19... Nf8 20. Qc2 Rh4 21. Rd2 Rh2 22. Bd1 Rxd2 23. Qxd2 Qe7 24. Kb1 c6 25. dxc6 bxc6 26. Nxd6 Nfe6 27. Nf5 $1 Qc7 (27... gxf5 $11 {remains equal.} 28. exf5 Rd8) 28. Nxg7 Kxg7 29. Bc2 Rd8 30. Qc3 Nd4 31. Rd1 Nce6 32. f4 Nxc2 33. Kxc2 Rxd1 34. Kxd1 Qd7+ 35. Ke1 Nd4 36. fxe5 c5 37. e6 Qd6 38. Bxd4+ cxd4 39. Qf3 Qxe6 40. Qf4 Qxc4 41. e5 Qb4+ 42. Kd1 Qb6 43. e6 Qxe6 44. Qxd4+ Kg8 45. Qd8+ Kf7 46. Qc7+ Ke8 47. Qf4 Qxa2 48. Qe5+ Kf8 49. Qd6+ Kg7 50. Qf6+ Kh7 51. Qe7+ Kg8 52. Qd8+ Kg7 53. Qf6+ $11 1/2-1/2

[Event "52nd Iran-ch Men Final 2019"]
[Site "Bushehr"]
[Date "2019.02.02"]
[Round "10"]
[White "Idani, Pouya"]
[Black "Moradi, Amirmasoud"]
[Result "*"]
[ECO "A05"]
[WhiteElo "2611"]
[BlackElo "2321"]
[Annotator "RC"]
[PlyCount "61"]
[EventDate "2019.01.24"]
[EventType "tourn"]
[EventCountry "IRI"]
[SourceTitle "playchess.com"]
[Source "ChessBase"]
[SourceQuality "1"]
[TimeControl "40/5400+30:1800+30"]

1. Nf3 Nf6 2. c4 e6 3. g3 c5 4. Bg2 Nc6 5. O-O Be7 6. d4 cxd4 7. Nxd4 d5 8. Nc3 O-O 9. cxd5 exd5 10. Be3 Bg4 11. h3 Be6 12. Qa4 Qd7 13. Nxe6 fxe6 14. Rad1 a6 15. Bb6 Ne5 16. Qb3 Qc6 17. Bd4 Ned7 18. Rc1 Nc5 19. Qd1 Qd7 20. Bxf6 Bxf6 21. Nxd5 exd5 22. Qxd5+ Qxd5 23. Bxd5+ Ne6 24. Bxe6+ Kh8 25. Bd5 Rae8 26. Rc2 Re7 27. h4 g6 28. Kg2 a5 29. b3 Rd8 30. e4 b6 31. Rfc1 *

[Event "52nd Iran-ch Men Final 2019"]
[Site "Bushehr"]
[Date "2019.02.02"]
[Round "10"]
[White "Darini, Pouria"]
[Black "Ghaem Maghami, Ehsan"]
[Result "1/2-1/2"]
[ECO "B12"]
[WhiteElo "2475"]
[BlackElo "2533"]
[Annotator "RC"]
[PlyCount "83"]
[EventDate "2019.01.24"]
[EventType "tourn"]
[EventCountry "IRI"]
[SourceTitle "playchess.com"]
[Source "ChessBase"]
[SourceQuality "1"]
[TimeControl "40/5400+30:1800+30"]

1. e4 c6 2. d4 d5 3. e5 Bf5 4. Nf3 e6 5. Be2 Ne7 6. O-O c5 7. c4 Nbc6 8. dxc5 d4 9. Qb3 Qc8 10. Rd1 Ng6 11. Qa4 Bxc5 12. Nxd4 O-O 13. Nxc6 Qxc6 14. Qxc6 bxc6 15. Nc3 Nxe5 16. Na4 Be7 17. b3 Rfc8 18. Be3 g5 19. f3 c5 20. Rd2 Kf8 21. g4 Bg6 22. h4 f6 23. hxg5 fxg5 24. f4 gxf4 25. Bxf4 Bf6 26. Re1 Kf7 27. g5 Bg7 28. Bxe5 Bxe5 29. Bg4 Bd4+ 30. Rxd4 cxd4 31. Bxe6+ Kf8 32. Bxc8 Rxc8 33. Kf2 Be8 34. Nb2 Rc5 35. Re4 Rf5+ 36. Ke1 Rxg5 37. Nd3 Rg1+ 38. Kf2 Rd1 39. Rf4+ Ke7 40. Re4+ Kf8 41. Rf4+ Ke7 42. Re4+ 1/2-1/2

[Event "52nd Iran-ch Men Final 2019"]
[Site "Bushehr"]
[Date "2019.02.02"]
[Round "11"]
[White "Khodashenas, Mersad"]
[Black "Darini, Pouria"]
[Result "1/2-1/2"]
[ECO "B54"]
[WhiteElo "2455"]
[BlackElo "2475"]
[Annotator "ChessBase"]
[PlyCount "46"]
[EventDate "2019.01.24"]
[EventType "tourn"]
[EventCountry "IRI"]
[SourceTitle "playchess.com"]
[Source "ChessBase"]
[SourceQuality "1"]
[TimeControl "40/5400+30:1800+30"]

1. e4 c5 2. Nf3 d6 3. d4 cxd4 4. Nxd4 Nf6 5. Bd3 Nc6 6. Nxc6 bxc6 7. O-O g6 8. b3 Bg7 9. Bb2 O-O 10. Re1 a5 11. Nc3 Qc7 12. Na4 Nh5 13. Bxg7 Nxg7 14. c4 c5 15. Nc3 e5 16. Bc2 Qd8 17. Qd2 Ne6 18. Nb5 Ra6 19. Rad1 Qf6 20. Re3 Rd8 21. Rf3 Qe7 22. Rg3 Nf4 23. Nc3 Be6 1/2-1/2

[Event "52nd Iran-ch Men Final 2019"]
[Site "Bushehr"]
[Date "2019.02.03"]
[Round "11"]
[White "Gholami Orimi, Mahdi"]
[Black "Firouzja, Alireza"]
[Result "0-1"]
[ECO "A40"]
[WhiteElo "2377"]
[BlackElo "2618"]
[Annotator "ChessBase"]
[PlyCount "74"]
[EventDate "2019.01.24"]
[EventType "tourn"]
[EventCountry "IRI"]
[SourceTitle "playchess.com"]
[Source "ChessBase"]
[SourceQuality "1"]
[TimeControl "40/5400+30:1800+30"]

1. d4 e6 2. Nf3 Nf6 3. g3 b5 4. Bg2 Bb7 5. O-O c5 6. dxc5 Bxc5 7. Nbd2 O-O 8. b3 a5 9. c4 b4 10. Bb2 d6 11. Qc2 Nbd7 12. Ng5 d5 13. Rad1 Qc7 14. Qb1 h6 15. Ngf3 a4 16. Rc1 dxc4 17. Rxc4 Ba6 18. Rcc1 Bxe2 19. Rfe1 Ba6 20. Ne4 Nxe4 21. Rxe4 a3 22. Bd4 Qd6 23. Rxc5 Nxc5 24. Rg4 f6 25. Qc1 Rac8 26. Qxh6 Rc7 27. h3 e5 28. Qg6 Ne6 29. Be3 Bd3 30. Qh5 g5 31. Bxg5 fxg5 32. Nxg5 Ng7 33. Qh4 Rc1+ 34. Kh2 Rxf2 35. Rxb4 Rxg2+ 36. Kxg2 Qc6+ 37. Ne4 Qc2+ 0-1